 Dungeon Crawl Stone Soup version 0.29.1-1-gd02db6906a (webtiles) character file.

Game seed: 11802811936169299634

22 Ashen the Magician (level 2, -2/20 HPs)
             Began as a Demonspawn Hedge Wizard on Oct 21, 2022.
             Slain by a white imp (4 damage)
             ... summoned by Natasha
             ... on level 2 of the Dungeon.
             The game lasted 00:03:23 (1520 turns).

Ashen the Magician (Demonspawn Hedge Wizard)        Turns: 1520, Time: 00:03:24

Health: -2/20      AC:  3    Str: 10    XL:     2   Next: 68%
Magic:  4/6        EV:  9    Int: 15    God:
Gold:   26         SH:  0    Dex: 12    Spells: 2/7 levels left

rFire   . . .      SeeInvis .   o - +0 spear
rCold   . . .      Faith    .   (no shield)
rNeg    . . .      Spirit   .   b - +0 robe
rPois   .          Reflect  .   c - +0 hat
rElec   .          Harm     .   (no cloak)
rCorr   .          Rampage  .   e - +0 pair of gloves
Will    .....                   (no boots)
Stlth   ++........              (no amulet)
HPRegen 0.06/turn               (no ring)
MPRegen 0.10/turn               (no ring)

@: grasped by roots, constricted
A: demonic touch 1
a: no special abilities


You were on level 2 of the Dungeon.
You visited 1 branch of the dungeon, and saw 2 of its levels.

You collected 26 gold pieces.

Inventory:

Hand Weapons
 a - a +0 dagger
 n - a +1 hand axe of flaming
 o - a +0 spear (weapon)
Armour
 b - a +0 robe (worn)
 c - a +0 hat (worn)
 e - a +0 pair of gloves (worn)
 i - a +0 buckler
Magical Staves
 l - a staff of air
Scrolls
 g - a scroll of magic mapping {unknown}
 h - 2 scrolls of fear {unknown}
 j - a scroll of acquirement {unknown}
 k - 2 scrolls of butterflies {unknown}
Potions
 d - a potion of magic
 f - a potion of degeneration {unknown}
 m - a potion of mutation {unknown}


   Skills:
 + Level 0.7 Fighting
 + Level 2.0 Dodging
 + Level 1.9 Stealth
 + Level 3.1 Spellcasting
 + Level 1.2 Conjurations
 + Level 1.4 Summonings
 + Level 1.1 Translocations


You had 2 spell levels left.
You knew the following spells:

 Your Spells              Type           Power      Damage    Failure   Level
a - Magic Dart            Conj           24%        1d4       12%         1
b - Call Imp              Summ           6%         N/A       17%         2
c - Blink                 Tloc           10%        N/A       19%         2

Your spell library contained the following spells:

 Spells                   Type           Power      Damage    Failure   Level
 Slow                     Hex            8%         N/A       21%         1
 Conjure Flame            Conj/Fire      4%         6-21      43%         3
 Mephitic Cloud           Conj/Pois/Air  3%         N/A       45%         3


Dungeon Overview and Level Annotations

Branches:
Dungeon (2/15)

Altars:

Annotations:
D:2 Natasha


Innate Abilities, Weirdness & Mutations

Your touch may inflict minor irresistible damage on your foes.


Message History

Aiming: Magic Dart (safe; 12% risk of failure)
Press: ? - help, Shift-Dir - straight line, f/p - hobgoblin
Aim: a hobgoblin (almost dead, 100% to hit)
The magic dart hits the hobgoblin.
You kill the hobgoblin!
You see here a hobgoblin corpse.
You see here a staff of poison.
Magic restored.
HP restored.
Found 6 stones.
You see here 6 stones.
Natasha, Servant of Life and Death comes into view.
She is carrying a wand of roots (6).
Found a scroll labelled ENKUETZ UFIMED.
Natasha hisses angrily.
Natasha casts a spell.
You closely miss the white imp.
Natasha zaps a wand.
The roots erupt in riotous growth!
The white imp is unaffected.
The grasping roots grab you!
Natasha is unaffected.
The grasping roots constrict you. The white imp closely misses you.
You hear a shout! x3
Unknown command.
Casting: Magic Dart (safe; 12% risk of failure)
Confirm with . or Enter, or press ? or * to list all spells.
A shadowy apparition takes form in the air.
The grasping roots constrict you.
The white imp hits you but does no damage.
The grasping roots constrict you.
Reach: o) +0 spear
Press: ? - help, Dir - move target, f - Natasha
Aim: Natasha, carrying a wand of roots (5) (about 49% to evade your +0 spear)
The white imp is in the way.
You hit the white imp. Your touch misses the white imp.
The white imp is lightly wounded.
The grasping roots constrict you.
* * * LOW HITPOINT WARNING * * *
The white imp hits you.
* * * LOW HITPOINT WARNING * * *
The white imp freezes you.
You die...

#. #.# #.#
#.# ###.#
....
#5####?###
#.##.@5h.....
#.##.####.###
##.##.#
..##.# #.##.#
#.##.####.##
#...........
#....####.##
#.####


You could see Natasha, a white imp (summoned, ally target) and a friendly shadow
imp (summoned).

Vanquished Creatures
  2 dart slugs (D:1)
  2 goblins (D:1)
  4 hobgoblins
  5 bats (D:1)
  2 frilled lizards (D:1)
  A kobold (D:1)
  3 rats (D:1)
19 creatures vanquished.

Notes
Turn   | Place    | Note
-------+----------+-------------------------------------------
     0 | D:1      | Ashen the Demonspawn Hedge Wizard began the quest for the
                  | Orb.
     0 | D:1      | Reached XP level 1. HP: 13/13 MP: 4/4
   181 | D:1      | Reached skill level 1 in Translocations
   410 | D:1      | Gained mutation: Your touch may inflict minor irresistible
                  | damage on your foes. [demonic ancestry]
   410 | D:1      | Reached XP level 2. HP: 16/20 MP: 0/6
   416 | D:1      | Learned a level 2 spell: Call Imp
   419 | D:1      | Learned a level 2 spell: Blink
   485 | D:1      | Found a faded altar of an unknown god.
   752 | D:1      | You fall into a shaft and drop 1 floor!
  1516 | D:2      | Noticed Natasha
  1520 | D:2      | Slain by a white imp

Illustrated notes

Levels and vault maps discovered:
D:1:      ebering_hopf_link, layout_basic, basic_ecumenical_altar,
          glass_columns_a
D:2:      layout_loops_ring, uniq_natasha

Skill      XL: |  1  2 |
---------------+-------+-----
Translocations | 1 |  1.1
Dodging        | 2 |  2.0
Fighting       | |  0.7
Stealth        | |  1.9
Spellcasting   | |  3.1
Conjurations   | |  1.2
Summonings     | |  1.4

Action                   || total
-------------------------++-------
Melee: Dagger            ||    16
       Spear             ||     4
       Touch             ||     1
 Cast: Magic Dart        ||    43
       Call Imp          ||     1
 Stab: Sleeping          ||     2
Armor: Robe              ||     9
Dodge: Dodged            ||    10
